 Dungeon Sprint DCSS version 0.29-a0-1009-g60c99734e7 (webtiles) character file.

Game seed: 4197975185655378677

13652 howech the Severer (level 11, -2/104 HPs)
             Began as a Minotaur Fighter on Aug 4, 2022.
             Was the Champion of Trog.
             Shot with an arrow by a deep elf master archer (20 damage)
             ... in the Dungeon (Sprint VII: "The Pits") on Aug 8, 2022.
             The game lasted 00:17:11 (2349 turns).

howech the Severer (Minotaur Fighter)               Turns: 2349, Time: 00:17:12

Health: -2/104     AC: 12    Str: 22    XL:     11   Next: 78%
Magic:  10/10      EV: 18    Int:  5    God:    Trog [******]
Gold:   18         SH:  0    Dex: 16    Spells: 10/10 levels left

rFire   . . .      SeeInvis .   c - +7 broad axe (vorpal)
rCold   . . .      Faith    .   (no shield)
rNeg    . . .      Spirit   .   b - +0 scale mail
rPois   .          Reflect  .   (helmet restricted)
rElec   .          Harm     .   s - +0 cloak
rCorr   .          Rampage  .   t - +0 pair of gloves
Will    ++...      NoTele   +   (no boots)
Stlth   ..........              (no amulet)
HPRegen 1.27/turn               p - +3 ring of evasion
MPRegen 0.12/turn               q - +3 ring of dexterity

@: strong-willed, regenerating
A: horns 2, retaliatory headbutt
a: Renounce Religion, Berserk, Trog's Hand, Brothers in Arms


You were in the Dungeon.
You worshipped Trog.
Trog was exalted by your worship.
You visited 1 branch You collected 18 gold pieces.

Inventory:

Hand Weapons
 a - a +0 war axe
 c - a +7 vorpal broad axe (weapon)
 n - a +1 broad axe
 o - a +5 vorpal battleaxe
 u - a +1 antimagic war axe
 v - a +3 executioner's axe of flaming
Armour
 b - a +0 scale mail (worn)
 s - a +0 cloak (worn)
 t - a +0 pair of gloves (worn)
Jewellery
 p - a +3 ring of evasion (left hand)
 q - a +3 ring of dexterity (right hand)
 B - a ring of ice
 D - a ring of positive energy
Wands
 C - a wand of charming (6)
Scrolls
 j - 4 scrolls of blinking
 l - 5 scrolls of amnesia
 m - a scroll of summoning
 w - 2 scrolls of enchant weapon
 x - 2 scrolls of fear
 y - 2 scrolls of enchant armour
 z - 2 scrolls of fog
 A - 3 scrolls of identify
Potions
 d - a potion of might
 e - 9 potions of curing
 f - 13 potions of heal wounds
 g - 2 potions of haste
 h - 4 potions of magic
 i - 4 potions of berserk rage
 k - 3 potions of invisibility
 r - 4 potions of mutation


   Skills:
 - Level 12.1 Fighting
 * Level 19.5 Axes
 - Level 12.2 Armour
 - Level 10.6 Dodging
 - Level 16.6 Shields
 * Level 12.3 Evocations


You had 10 spell levels left.
You didn't know any spells.
Your spell library contained the following spells:

 Spells                   Type           Power      Damage    Failure   Level
 Conjure Flame            Conj/Fire      0%         6-21      98%         3
 Ignite Poison            Fire/Tmut/Pois 0%         N/A       98%         3
 Sticky Flame             Conj/Fire      0%         2d3       100%        4


Dungeon Overview and Level Annotations

Branches:
Dungeon (1/1)

Altars:
Ashenzari
Cheibriados
Dithmenos
Elyvilon
Fedhas
Gozag
Hepliaklqana
Kikubaaqudgha
Makhleb
Nemelex Xobeh
Okawaru
Qazlal
Ru
Sif Muna
Trog
Uskayaw
Vehumet
Wu Jian
Xom
Yredelemnul
Zin
The Shining One
Jiyva
Lugonu


Innate Abilities, Weirdness & Mutations

You have a pair of horns on your head.
You reflexively headbutt those who attack you in melee.


Message History

The yak is lightly wounded.
You slash the yak! You burn the yak. The yak gores you.
The yak closely misses you.
Unknown command.
You barely miss the yak.
The yak is heavily wounded.
You slice the yak!! You burn the yak. The yak gores you. x2
Unknown command.
You carve the yak like a ham!!! You burn the yak!
You kill the yak!
Trog accepts your kill.
You barely miss the yak. The yak misses you. You furiously retaliate!
You headbutt the yak!
Unknown command.
You hit the yak. You burn the yak.
You kill the yak!
Trog accepts your kill.
You see here a yak corpse.
You see here a +7 vorpal broad axe.
c - a +7 vorpal broad axe Your +3 executioner's axe of flaming stops flaming.
c - a +7 vorpal broad axe (weapon)
Unknown command.
You see here a yak corpse.
A deep elf master archer comes into view.
The deep elf master archer wields a +0 longbow.
The deep elf master archer shoots an arrow.
The arrow hits you!!
The deep elf master archer shoots an arrow.
The arrow hits you!
The deep elf master archer shoots an arrow.
The arrow hits you.
The deep elf master archer shoots an arrow.
The arrow hits you!!
The deep elf master archer shoots an arrow.
The arrow hits you!!
* * * LOW HITPOINT WARNING * * *
The deep elf master archer shoots an arrow.
The arrow hits you!!
You die...

#++##########
#............
#..@......e..
#.†##########
#..# #..# #####
#..# ##..# #..#
##..# #..# ''..#
#[.#
')))##########..#


You could see a deep elf master archer.

Vanquished Creatures
  A death knight (D)
  A death yak (D)
  An orc high priest (D)
  A deep troll (D)
  A fire crab (D)
  A shadow wraith (D)
  A sea snake (D)
  A lindwurm (D)
  A deep elf zephyrmancer (D)
  An orc knight (D)
  A manticore (D)
  A merfolk siren (D)
  A guardian serpent (D)
  2 yaktaurs (D)
  A kobold demonologist (D)
  A tyrant leech (D)
  A hornet (D)
  A tarantella (D)
  7 dream sheep (D)
  A jumping spider (D)
  A flying skull (D)
  4 yaks (D)
  A wraith (D)
  A fire bat (D)
  A neqoxec (D)
  A steam dragon (D)
  2 chaos spawn (D)
  2 wargs (D)
  Edmund (D)
  A floating eye (D)
  3 hell hounds (D)
  3 orc warriors (D)
  A black bear (D)
  4 centaurs (D)
  2 gnoll sergeants (D)
  2 scorpions (D)
  A gnoll bouda (D)
  2 hell rats (D)
  A mummy (D)
  10 gnolls (D)
  2 white imps (D)
  12 orcs (D)
  2 giant cockroaches (D)
  A goblin (D)
  3 hobgoblins (D)
  2 jackals (D)
  A kobold (D)
  2 quokkas (D)
96 creatures vanquished.

Vanquished Creatures (collateral kills)
  A death yak (D)
  A kobold demonologist (D)
  A troll (D)
  A tyrant leech (D)
  A water moccasin (D)
  An orc warrior (D)
  A phantom (D)
7 creatures vanquished.

Vanquished Creatures (others)
  A shadow (D)
1 creature vanquished.

Grand Total: 104 creatures vanquished

Notes
Turn   | Place    | Note
-------+----------+-------------------------------------------
     0 | D        | howech the Minotaur Fighter began the quest for the Orb.
     0 | D        | Reached XP level 1. HP: 19/19 MP: 0/0
    36 | D        | Found a glowing golden altar of the Shining One.
    36 | D        | Found a glowing silver altar of Zin.
    36 | D        | Found a basalt altar of Yredelemnul.
    36 | D        | Found a shimmering altar of Xom.
    36 | D        | Found an ornate altar of the Wu Jian Council.
    36 | D        | Found a bloodstained altar of Trog.
    36 | D        | Found a shimmering blue altar of Sif Muna.
    36 | D        | Found a sacrificial altar of Ru.
    36 | D        | Found a stormy altar of Qazlal.
    36 | D        | Found an iron altar of Okawaru.
    36 | D        | Found a sparkling altar of Nemelex Xobeh.
    36 | D        | Found a burning altar of Makhleb.
    36 | D        | Found a viscous altar of Jiyva.
    36 | D        | Found a hazy altar of Hepliaklqana.
    36 | D        | Found an opulent altar of Gozag.
    36 | D        | Found a blossoming altar of Fedhas.
    36 | D        | Found a white marble altar of Elyvilon.
    36 | D        | Found a shadowy altar of Dithmenos.
    36 | D        | Found a snail-covered altar of Cheibriados.
    37 | D        | Found a radiant altar of Vehumet.
    37 | D        | Found a corrupted altar of Lugonu.
    39 | D        | Became a worshipper of Trog the Wrathful
    42 | D        | Found a hide-covered altar of Uskayaw.
    42 | D        | Found an ancient bone altar of Kikubaaqudgha.
    42 | D        | Found a broken altar of Ashenzari.
    51 | D        | Noticed a floating eye
    53 | D        | Paralysed by a floating eye for 2 turns
    56 | D        | Killed a floating eye
    57 | D        | Reached skill level 5 in Fighting
    57 | D        | Reached skill level 5 in Axes
    57 | D        | Reached skill level 5 in Armour
    57 | D        | Reached XP level 2. HP: 29/29 MP: 1/1
    57 | D        | Reached XP level 3. HP: 36/36 MP: 2/2
    57 | D        | Reached XP level 4. HP: 42/42 MP: 3/3
    72 | D        | Reached * piety under Trog
    78 | D        | Noticed a scorpion
    80 | D        | Noticed a gnoll sergeant
    82 | D        | Reached ** piety under Trog
    83 | D        | Reached skill level 6 in Axes
    85 | D        | Killed a scorpion
    86 | D        | Reached skill level 7 in Axes
    86 | D        | Reached XP level 5. HP: 23/50 MP: 4/4
    90 | D        | Reached *** piety under Trog
   359 | D        | Noticed an orc warrior
   362 | D        | Reached XP level 6. HP: 57/57 MP: 5/5
   366 | D        | Reached **** piety under Trog
   367 | D        | Reached skill level 8 in Axes
   373 | D        | Killed an orc warrior
   374 | D        | Reached skill level 9 in Axes
   374 | D        | Reached skill level 5 in Dodging
   376 | D        | Reached ***** piety under Trog
   378 | D        | Received a gift from Trog
   427 | D        | Noticed a flying skull
   435 | D        | Killed a flying skull
   436 | D        | Reached skill level 10 in Shields
   436 | D        | Reached XP level 7. HP: 54/66 MP: 6/6
   444 | D        | Noticed a fire bat
   452 | D        | Killed a fire bat
   453 | D        | Reached skill level 10 in Axes
   453 | D        | Reached skill level 5 in Evocations
   564 | D        | Noticed a tyrant leech
   564 | D        | Noticed a kobold demonologist
   569 | D        | Killed a kobold demonologist
   570 | D        | Reached XP level 8. HP: 74/74 MP: 7/7
   573 | D        | Killed a tyrant leech
   574 | D        | Reached skill level 11 in Axes
   575 | D        | Received a gift from Trog
   689 | D        | Killed a shadow wraith
   690 | D        | Reached skill level 12 in Axes
   804 | D        | Noticed a merfolk siren
   805 | D        | Noticed a hornet
   806 | D        | Noticed a jumping spider
   810 | D        | Killed a hornet
   811 | D        | Reached XP level 9. HP: 83/83 MP: 8/8
   835 | D        | Killed a merfolk siren
   836 | D        | Reached skill level 13 in Axes
   837 | D        | Reached skill level 10 in Armour
   857 | D        | Noticed a death yak
   881 | D        | Killed a death yak
   882 | D        | Reached skill level 10 in Fighting
  1051 | D        | Noticed a kobold demonologist
  1051 | D        | Noticed a sea snake
  1052 | D        | Noticed a yaktaur
  1055 | D        | Killed a kobold demonologist
  1055 | D        | Received a gift from Trog
  1056 | D        | Reached skill level 14 in Axes
  1061 | D        | Killed a yaktaur
  1063 | D        | Killed a sea snake
  1064 | D        | Reached XP level 10. HP: 94/94 MP: 9/9
  1149 | D        | Noticed a fire crab
  1149 | D        | Noticed an orc knight
  1156 | D        | Killed an orc knight
  1158 | D        | Reached skill level 15 in Shields
  1161 | D        | Noticed a manticore
  1162 | D        | Reached skill level 15 in Axes
  1164 | D        | Killed a fire crab
  1168 | D        | Received a gift from Trog
  1172 | D        | Noticed a death yak
  1173 | D        | Reached skill level 10 in Dodging
  1178 | D        | Received a gift from Trog
  1191 | D        | Killed a manticore
  1192 | D        | Reached skill level 16 in Axes
  1193 | D        | Killed a death yak
  1194 | D        | Reached XP level 11. HP: 45/104 MP: 10/10
  1524 | D        | Noticed a deep troll
  1536 | D        | Killed a deep troll
  1536 | D        | Received a gift from Trog
  1567 | D        | Noticed a death knight
  1573 | D        | Lost intelligence.
  1578 | D        | Killed a death knight
  1579 | D        | Reached skill level 17 in Axes
  1584 | D        | HP: 5/104 [poisoned by a guardian serpent (bolt of poison)]
  1858 | D        | Noticed Edmund
  1866 | D        | Reached skill level 10 in Evocations
  1867 | D        | Killed Edmund
  1879 | D        | Noticed a lindwurm
  1893 | D        | Killed a lindwurm
  1894 | D        | Reached skill level 18 in Axes
  2200 | D        | Upgraded the game from 0.29-a0-997-gf6f7e2dfe7 to
                  | 0.29-a0-1009-g60c99734e7
  2226 | D        | Noticed an orc high priest
  2232 | D        | Noticed a deep elf zephyrmancer
  2243 | D        | Killed an orc high priest
  2246 | D        | Killed a deep elf zephyrmancer
  2246 | D        | Received a gift from Trog
  2247 | D        | Reached skill level 19 in Axes
  2274 | D        | Reached ****** piety under Trog
  2332 | D        | Received a gift from Trog
  2346 | D        | Noticed a deep elf master archer
  2349 | D        | Shot with an arrow by a deep elf master archer

Illustrated notes

Levels and vault maps discovered:
D:        pitsprint [storerooms_1, entrance_room_1, metal_vault_4, armoury_1,
          mini_pit_1, grid_room_1, main_hall_1, silver_pit, the_coven_3,
          the_vestibule_1, steel_vault_5, golden_pit, hallway_of_sentries,
          crystal_vault_1, iron_vault_2, final_vault]

Skill      XL: |  1  2  3  4  5  6  7  8  9 10 11 |
---------------+----------------------------------+-----
Fighting       | 5 6 7 8 9 10 11 12 | 12.1
Axes           | 5 7 9 10 12 14 16 19 | 19.5
Armour         | 5 6 7 8 9 10 12 | 12.2
Dodging        | 3 4 5 6 7 9 10 | 10.6
Shields        | 6 7 8 10 11 12 14 16 | 16.6
Evocations     | 2 3 4 5 6 7 8 12 | 12.3

Action                   |  1- 3 |  4- 6 |  7- 9 | 10-12 || total
-------------------------+-------+-------+-------+-------++-------
Melee: War axe           |     4 |    46 |       |       ||    50
       Headbutt          |       |     5 |    15 |    23 ||    43
       Broad axe         |       |     8 |    71 |    84 ||   163
       Executioner's axe |       |       |       |    29 ||    29
Invok: Berserk           |       |     2 |     1 |     3 ||     6
       Trog's Hand       |       |     2 |     6 |     7 ||    15
       Brothers in Arms  |       |       |     1 |     6 ||     7
  Use: Potion            |       |       |       |     4 ||     4
 Stab: Distracted        |       |       |       |     1 ||     1
Armor: Scale mail        |       |    18 |    23 |    39 ||    80
Dodge: Dodged            |     1 |    30 |    57 |   141 ||   229
Block: Buckler           |       |    17 |    25 |    57 ||    99

Table legend: (Time is in decaauts)
 A = Elapsed time spent in this place.
 B = Non-inter-level travel time spent in this place.
 C = Inter-level travel time spent in this place.
 D = Time resting spent in this place.
 E = Time spent auto-exploring this place.
 F = Levels seen in this place.
 G = Mean time per level.
                   A        B        C        D        E       F      G
               +--------+--------+--------+--------+--------+-----+--------+
         Total |   2393 |   2389 |      4 |   1440 |      0 |   1 | 2393.0 |
       Dungeon |   2393 |   2389 |      4 |   1440 |      0 |   1 | 2393.0 |
               +--------+--------+--------+--------+--------+-----+--------+

Top non-repeatable levels by time:
       D: 2393 daAuts
